 Dungeon Crawl Stone Soup version 0.20-a0-514-g839ffe0 (webtiles) character file.

27345 Colliwobble the Severer (level 13, 36/125 HPs)
             Began as a Minotaur Berserker on Jan 22, 2017.
             Was a High Priest of Trog.
             Quit the game on level 6 of the Lair of Beasts on Jan 24, 2017.
             The game lasted 00:40:41 (15066 turns).

Colliwobble the Severer (Minotaur Berserker)       Turns: 15066, Time: 00:40:42

Health: 36/125     AC: 21    Str: 27    XL:     13   Next: 3%
Magic:  3/4        EV:  9    Int:  4    God:    Trog [*****.]
Gold:   744        SH:  0    Dex: 10    Spells: 12/12 levels left

rFire    . . .     SeeInvis .   a - +3 battleaxe (antimagic)
rCold    . . .     Gourm    .   H - +0 plate armour
rNeg     + . .     Faith    .   (shield currently unavailable)
rPois    .         Spirit   +   T - +1 hat
rElec    .         Reflect  .   m - +1 cloak
rCorr    .         Harm     .   (no gloves)
MR       .....                  P - +0 pair of boots {run}
Stlth    ..........             O - amulet of guardian spirit
Regen    0.3/turn               (no ring)
                                F - ring of positive energy

@: mildly poisoned (36 -> 36), exhausted, slowed, very slow
A: retaliatory headbutt, horns 2
a: Berserk, Trog's Hand, Brothers in Arms, Burn Spellbooks, Renounce Religion


You were on level 6 of the Lair of Beasts.
You worshipped Trog.
Trog was extremely pleased with you.
You were near starving.

You visited 3 branches of the dungeon, and saw 16 of its levels.

You collected 744 gold pieces.

Inventory:

Hand Weapons
 a - a +3 antimagic battleaxe (weapon)
 b - a -1 shortbow
 p - the +3 hand axe "Goblinbane" {antimagic, Int+3 Dex+3}
   (You found it on level 7 of the Dungeon)

   It reduces the magical energy of the wielder, and disrupts the spells and
   magical abilities of those hit.
   Natural abilities and divine invocations are not affected.
   It affects your intelligence (+3).
   It affects your dexterity (+3).
 G - a +0 dire flail
Missiles
 x - 7 tomahawks of returning (quivered)
 y - 208 arrows
Armour
 m - a +1 cloak (worn)
 B - a +1 chain mail of magic resistance
 H - a +0 plate armour (worn)
 P - a +0 pair of boots of running (worn)
 T - a +1 hat (worn)
Jewellery
 F - a ring of positive energy (left hand)
 O - an amulet of guardian spirit (around neck)
 X - an uncursed ring of ice
Wands
 e - a wand of confusion (22/48)
 S - a wand of polymorph (16/24)
 W - a wand of digging (13/24)
 Z - a wand of iceblast (11/15)
Scrolls
 g - 4 scrolls of enchant armour
 h - 3 scrolls of remove curse
 i - 2 scrolls of fear {unknown}
 j - 3 scrolls of noise {unknown}
 k - 3 scrolls of teleportation
 l - 3 scrolls of magic mapping {unknown}
 n - a scroll of immolation {unknown}
 u - a scroll of torment {unknown}
 v - a scroll of enchant weapon {unknown}
 C - 2 scrolls of recharging {unknown}
 D - 3 scrolls of blinking {unknown}
 I - a scroll of random uselessness {unknown}
 N - 3 scrolls of identify
 V - a scroll of fog {unknown}
Potions
 f - a potion of heal wounds
 o - 2 potions of magic
 q - 4 potions of agility
 r - 3 potions of brilliance
 s - 5 potions of flight
 t - 2 potions of lignification {unknown}
 E - 2 potions of cancellation
 J - a potion of cure mutation {unknown}
 L - 2 potions of beneficial mutation {unknown}
 M - 3 potions of mutation {unknown}
 Q - 2 potions of might {unknown}
 R - 4 potions of curing {unknown}
 U - a potion of ambrosia {unknown}
Books
 K - a book of Frost

   Spells                             Type                      Level
   a - Freeze                         Ice                          1
   b - Throw Frost                    Conjuration/Ice              2
   c - Ozocubu's Armour               Charms/Ice                   3
   d - Throw Icicle                   Conjuration/Ice              4
   e - Summon Ice Beast               Ice/Summoning                4
   Trog disapproves of the use of such an item.
 Y - a book of Flames

   Spells                             Type                      Level
   a - Flame Tongue                   Conjuration/Fire             1
   b - Throw Flame                    Conjuration/Fire             2
   c - Conjure Flame                  Conjuration/Fire             3
   d - Inner Flame                    Hexes/Fire                   3
   e - Sticky Flame                   Conjuration/Fire             4
   f - Fireball                       Conjuration/Fire             5
   Trog disapproves of the use of such an item.
Comestibles
 c - 5 bread rations
 d - 20 royal jellies
 w - a chunk of flesh
 z - 5 meat rations


   Skills:
 + Level 14.4 Fighting
 - Level 16.0 Axes
 + Level 14.3 Armour
 - Level 2.1 Dodging


You had 12 spell levels left.
You didn't know any spells.

Dungeon Overview and Level Annotations

Branches:
Dungeon (10/15)            Temple (1/1) D:6            Lair (4/6) D:10
  Swamp (0/4) Lair:4        Snake (0/4) Lair:3          Orc (0/2) D:9

Altars:
Ashenzari
Cheibriados
Dithmenos
Elyvilon
Fedhas
Gozag
Hepliaklqana
Kikubaaqudgha
Makhleb
Nemelex Xobeh
Okawaru
Qazlal
Ru
Sif Muna
Trog
Uskayaw
Vehumet
Xom
Yredelemnul
Zin
The Shining One
Beogh

Shops:
D:4 (

Annotations:
Lair:3 oklob & food vault, exclusion: 4 oklob plants


Innate Abilities, Weirdness & Mutations

You reflexively headbutt those who attack you in melee.
You have a pair of horns on your head.


Message History

The bullfrog hits you but does no damage.
You feel sick.
The blink frog blinks!
The bullfrog hits you but does no damage. x3
The bullfrog barely misses you. You furiously retaliate!
You headbutt the bullfrog, but do no damage.
The spiny frog stings you but does no damage.
Your surroundings suddenly seem different.
Splash!
You fall into the shallow water.
Moving in this stuff is going to be slow.
You feel sick.
A hippogriff comes into view.
The hippogriff screeches!
An electric eel comes into view.
The electric eel shoots out a bolt of lightning at you!
The bolt of electricity hits the plant.
The plant is destroyed!
The bolt of electricity misses you.
An electric eel comes into view.
Are you sure you want to abandon this character and quit the game? (Confirm with "yes".)

...##.#.§.# [....
...........F.# .P.#.#
............F###.....[
........Fw.F†F........
.............††?......
.........≈####........
..≈.......≈..#####....
≈....≈≈≈≈≈≈P... #..
..≈≈≈≈≈@≈≈≈H≈≈≈ .
≈≈≈≈≈≈≈#≈≈P≈≈≈≈
≈≈≈≈≈###≈≈≈≈≈≈≈ ≈≈≈≈≈
##≈≈≈≈≈≈ P≈≈ ##;≈≈≈ ≈≈
≈≈.≈ # ≈≈≈ ≈≈


You could see a tyrant leech, a hippogriff, a spiny frog, 2 blink frogs, a
bullfrog and an electric eel.

Vanquished Creatures
  Snorg (Lair:6)
  Erolcha (D:10)
  A catoblepas (Lair:4)
  The ghost of Buffagor the Digger, a novice GrEE (D:8)
  Pikel (D:4)
  A deep elf mage (D:7)
  3 black mambas (Lair:2)
  A torpor snail (Lair:6)
  18 spiny frogs
  5 komodo dragons
  A hornet (D:10)
  17 blink frogs
  4 hippogriffs
  A wyvern (Lair:3)
  18 yaks
  2 vampire mosquitoes (Lair:6)
  2 hungry ghosts
  4 basilisks
  A steam dragon (Lair:4)
  2 hell hounds (D:10)
  5 water moccasins
  7 porcupines
  3 orc warriors
  An ice beast (D:9)
  4 phantoms
  3 sky beasts
  2 black bears
  2 slaves (D:4)
  3 ogres
  A centaur (D:5)
  6 wolves (Lair:2)
  10 crocodiles
  Blork the orc (D:6)
  2 big kobolds (D:9)
  11 bullfrogs
  A wyvern zombie (D:9)
  7 scorpions
  2 electric eels (Lair:3)
  9 wights
  A howler monkey (D:8)
  A bullfrog zombie (D:10)
  A centaur zombie (D:10)
  4 crimson imps
  4 jellies
  8 orc priests
  Crazy Yiuf (D:2)
  A centaur skeleton (D:5)
  A bullfrog skeleton (D:4)
  2 hounds
  7 orc wizards
  Natasha (twice) (D:3)
  11 iguanas
  5 worker ants
  A hound zombie (D:9)
  A hound skeleton (D:4)
  19 adders
  A howler monkey skeleton (D:7)
  8 river rats (D:6)
  6 shadow imps
  6 oozes
  2 adder skeletons
  5 worms
  5 dart slugs
  6 leopard geckos
  37 orcs
  5 bats
  8 giant cockroaches
  8 goblins
  9 hobgoblins
  9 jackals
  21 kobolds
  8 quokkas
  2 ball pythons (D:2)
  5 frilled lizards
  A jackal skeleton (D:4)
  23 rats
  2 plants
412 creatures vanquished.

Vanquished Creatures (collateral kills)
  A hydra (Lair:1)
  A water moccasin (Lair:1)
  A porcupine (Lair:1)
3 creatures vanquished.

Vanquished Creatures (others)
  23 fungi
  58 plants
81 creatures vanquished.

Grand Total: 496 creatures vanquished

Notes
Turn   | Place    | Note
-------+----------+-------------------------------------------
     0 | D:1      | Colliwobble the Minotaur Berserker began the quest for the Orb.
     0 | D:1      | Reached XP level 1. HP: 19/19 MP: 0/0
    97 | D:1      | Reached skill level 4 in Axes
   132 | D:1      | Reached XP level 2. HP: 23/26 MP: 1/1
   294 | D:1      | Reached skill level 5 in Axes
   360 | D:1      | Found a glowing golden altar of the Shining One.
   424 | D:1      | Reached XP level 3. HP: 31/31 MP: 2/2
   888 | D:2      | Reached ** piety under Trog
   985 | D:2      | Found a runed door.
  1038 | D:2      | Noticed Crazy Yiuf
  1046 | D:2      | Killed Crazy Yiuf
  1046 | D:2      | Reached skill level 6 in Axes
  1046 | D:2      | Reached XP level 4. HP: 19/39 MP: 3/3
  1816 | D:3      | Reached XP level 5. HP: 39/45 MP: 4/4
  1851 | D:3      | Reached skill level 7 in Axes
  1997 | D:3      | Upgraded the game from 0.20-a0-513-g02c11fc to 0.20-a0-514-g839ffe0
  2005 | D:3      | Noticed a sky beast
  2034 | D:3      | Killed a sky beast
  2034 | D:3      | Reached skill level 8 in Axes
  2034 | D:3      | Reached XP level 6. HP: 33/51 MP: 5/5
  2362 | D:3      | Noticed Natasha
  2372 | D:3      | Killed Natasha
  2621 | D:3      | Noticed Natasha
  2626 | D:3      | Killed Natasha
  2628 | D:3      | Found a faded altar of an unknown god.
  2701 | D:4      | Reached skill level 9 in Axes
  2771 | D:4      | Found Zes Vod's Weapon Shop.
  2788 | D:4      | Reached *** piety under Trog
  2791 | D:4      | Reached XP level 7. HP: 36/57 MP: 6/6
  3314 | D:4      | Reached skill level 10 in Axes
  3383 | D:4      | Noticed Pikel
  3394 | D:4      | Killed Pikel
  3394 | D:4      | Reached skill level 11 in Axes
  3394 | D:4      | Reached XP level 8. HP: 64/64 MP: 7/7
  3506 | D:5      | Entered Level 5 of the Dungeon
  3900 | D:5      | Reached skill level 12 in Axes
  4404 | D:6      | Noticed Blork the orc
  4425 | D:6      | Killed Blork the orc
  4425 | D:6      | Reached skill level 13 in Axes
  4580 | D:6      | Reached **** piety under Trog
  4860 | D:6      | Reached XP level 9. HP: 64/70 MP: 8/8
  4880 | D:6      | Found a staircase to the Ecumenical Temple.
  4928 | D:6      | Reached skill level 14 in Axes
  4934 | Temple   | Entered the Ecumenical Temple
  5607 | D:7      | Got a pitted hand axe
  5608 | D:7      | Identified the +3 hand axe "Goblinbane" {antimagic, Int+3 Dex+3} (You found it on level 7 of the Dungeon)
  5639 | D:7      | Found a shadowy altar of Dithmenos.
  5640 | D:7      | Noticed a deep elf mage
  5887 | D:7      | Killed a deep elf mage
  5887 | D:7      | Reached skill level 15 in Axes
  6115 | D:8      | Noticed Buffagor's ghost (novice GrEE)
  6228 | D:8      | Killed Buffagor's ghost
  6280 | D:8      | Reached skill level 16 in Axes
  6756 | D:8      | Reached XP level 10. HP: 80/80 MP: 3/9
  6877 | D:8      | Reached ***** piety under Trog
  7009 | D:9      | Identified a +0 pair of boots of running (You found it on level 9 of the Dungeon)
  7018 | D:9      | You fall through a shaft!
  7018 | D:10     | Entered Level 10 of the Dungeon
  7242 | D:9      | Reached skill level 5 in Fighting
  7428 | D:9      | Reached skill level 5 in Armour
  7871 | D:9      | Found a roughly hewn altar of Beogh.
  7871 | D:9      | Found a staircase to the Orcish Mines.
  8130 | D:10     | Found a staircase to the Lair.
  8325 | D:10     | Paralysed by a hornet for 2 turns
  8610 | D:10     | Noticed Erolcha
  8622 | D:10     | Killed Erolcha
  8963 | Lair:1   | Entered Level 1 of the Lair of Beasts
  9085 | Lair:1   | Noticed a spiny frog
  9097 | Lair:1   | Killed a spiny frog
  9125 | Lair:1   | Noticed a spiny frog
  9133 | Lair:1   | Killed a spiny frog
  9135 | Lair:1   | Noticed an eight-headed hydra
  9141 | Lair:1   | Killed an eight-headed hydra
  9141 | Lair:1   | Reached XP level 11. HP: 79/97 MP: 10/10
  9466 | Lair:1   | Reached skill level 10 in Fighting
  9821 | Lair:1   | Reached skill level 10 in Armour
 10302 | Lair:2   | Received a gift from Trog
 11522 | Lair:2   | Reached XP level 12. HP: 110/112 MP: 2/11
 11827 | Lair:3   | Found a blossoming altar of Fedhas.
 13193 | Lair:3   | Found a staircase to the Snake Pit.
 13503 | Lair:4   | Noticed a catoblepas
 13520 | Lair:4   | Killed a catoblepas
 13852 | Lair:4   | Found a staircase to the Swamp.
 14401 | Lair:4   | You fall through a shaft for 2 floors!
 14401 | Lair:6   | Entered Level 6 of the Lair of Beasts
 14413 | Lair:6   | Noticed Snorg
 14422 | Lair:6   | Killed Snorg
 15030 | Lair:6   | Noticed a death yak
 15051 | Lair:6   | Reached XP level 13. HP: 71/125 MP: 2/12
 15053 | Lair:6   | Received a gift from Trog
 15066 | Lair:6   | Quit the game

Vault maps used:
D:1:      dpeg_arrival_boxorama, tso_altar
D:2:      uniq_crazy_yiuf_cottage
D:3:      chequers_ecumenical_altar_simple_redux, uniq_natasha
D:4:      serial_shops, nicolae_shop_crystal, kennysheep_pointless_box,
          uniq_pikel
D:5:      first_bread
D:6:      minmay_temple_entry_statues_fountains, dk_rats_in_the_wall,
          uniq_blork_the_orc
D:7:      david_defended_altar_elf
D:9:      david_orc_5, hangedman_little_slice_of_home
D:10:     minmay_lair_entry_lava, uniq_erolcha
Temple:   dpeg_three_leaves_temple
Lair:1:   beast_lair_carwin_large_1
Lair:2:   hangedman_lair_generics_rect
Lair:3:   dummy_snake_entry, minmay_holes, tgw_fedhas, grunt_megastairs_5,
          minmay_lair_oklob_chamber, serial_bayou_shore_a, uniq_snorg
Lair:4:   swamp_mist, nicolae_quartered_pool_super
Lair:6:   minmay_lair_end_frog_pond, dpeg_slime_entry_enclosed_altar

Skill      XL: |  1  2  3  4  5  6  7  8  9 10 11 12 |
---------------+-------------------------------------+-----
Axes           | 4 5 6 8 9 11 13 16 | 16.0
Fighting       | 4 9 11 14 | 14.4
Armour         | 3 8 11 14 | 14.3
Dodging        | |  2.1

Action                   |  1- 3 |  4- 6 |  7- 9 | 10-12 | 13-15 || total
-------------------------+-------+-------+-------+-------+-------++-------
Melee: Hand axe          |    93 |   156 |   396 |    50 |       ||   695
       Headbutt          |    10 |    24 |    66 |   135 |     1 ||   236
       War axe           |       |       |       |   310 |       ||   310
       Battleaxe         |       |       |       |   255 |     2 ||   257
 Fire: Shortbow          |       |       |     3 |     1 |       ||     4
Throw: Tomahawk          |       |       |       |     3 |       ||     3
Invok: Berserk           |     1 |     1 |     3 |     6 |       ||    11
       Trog's Hand       |       |       |     1 |     5 |       ||     6
       Brothers in Arms  |       |       |       |     1 |       ||     1
  Use: Scroll            |       |       |    10 |     3 |     1 ||    14
       Potion            |       |       |       |     1 |       ||     1
  Eat: Chunk             |       |     7 |    17 |    30 |       ||    54
       Fruit             |       |       |       |     4 |       ||     4
Armor: Scale mail        |    50 |    55 |    17 |       |       ||   122
       Chain mail        |       |       |    95 |   235 |       ||   330
       Plate armour      |       |       |       |    21 |     9 ||    30
Dodge: Dodged            |    54 |    53 |    95 |   218 |     6 ||   426
